 Dungeon Crawl Stone Soup version 0.25-a0-589-g1e14c549ee (webtiles) character file.

Game seed: 11892594863878992809, levelgen mode: deterministic

749 HailSeitan the Slasher (level 7, -4/46 HPs)
             Began as an Octopode Fighter on Mar 9, 2020.
             Slain by an ice beast (14 damage)
             ... on level 5 of the Dungeon.
             The game lasted 00:09:05 (4580 turns).

HailSeitan the Slasher (Octopode Fighter)           Turns: 4580, Time: 00:09:06

Health: -4/46      AC:  1    Str: 17    XL:     7   Next: 77%
Magic:  7/7        EV: 14    Int: 10    God:
Gold:   187        SH:  5    Dex: 12    Spells: 0/6 levels left

rFire    . . .     SeeInvis .   a - +0 long sword
rCold    . . .     Gourm    .   p - +0 buckler
rNeg     . . .     Faith    .   (helmet restricted)
rPois    .         Spirit   .   (no amulet)
rElec    .         Reflect  .   (no ring)
rCorr    .         Harm     .   (no ring)
MR       .....                  (no ring)
Stlth    ++........             (no ring)
HPRegen  0.15/turn              (no ring)
MPRegen  0.10/turn              (no ring)
                                (no ring)
                                (no ring)

@: no status effects
A: almost no armour, stealthy swim, amphibious, 8 rings, constrict 8, camouflage
1, gelatinous body 1
a: no special abilities


You were on level 5 of the Dungeon.
You were hungry.

You visited 1 branch of the dungeon, and saw 5 of its levels.

You collected 187 gold pieces.

Inventory:

Hand Weapons
 a - a +0 long sword (weapon)
Missiles
 s - 17 poisoned darts (quivered)
 w - 7 javelins
Armour
 b - a +0 kite shield
 p - a +0 buckler (worn)
Wands
 k - a wand of flame (30)
 r - a wand of digging (6)
Scrolls
 e - a scroll of teleportation {unknown}
 f - 2 scrolls of immolation
 g - a scroll of random uselessness {unknown}
 h - a scroll of magic mapping {unknown}
 i - 3 scrolls of enchant weapon
 j - 2 scrolls of amnesia
 l - a scroll of silence {unknown}
 n - a scroll of fear {unknown}
 u - a scroll of identify
 v - a scroll of enchant armour
Potions
 m - a potion of berserk rage
 o - a potion of curing
 q - 3 potions of heal wounds
 t - a potion of haste
Comestibles
 c - 13 chunks of flesh
 d - 4 rations


   Skills:
 - Level 3.0 Fighting
 - Level 7.1 Long Blades
 - Level 3.0 Dodging
 - Level 4.0 Shields
 + Level 3.5 Hexes


You couldn't memorise any spells.
You knew the following spells:

 Your Spells              Type           Power        Failure   Level  Hunger
a - Confusing Touch       Hex            #.......     26%         3    ####...
b - Tukima's Dance        Hex            #.......     26%         3    ####...

Your spell library contained the following spells:

 Spells                   Type           Power        Failure   Level  Hunger
 Corona                   Hex            #......      9%          1    ##.....
 Ensorcelled Hibernation  Hex/Ice        #.....       28%         2    ###....
 Dazzling Flash           Conj/Hex       #.....       50%         3    ####...


Dungeon Overview and Level Annotations

Branches:
Dungeon (5/15)
 Temple: D:4-7

Altars:
Ru


Innate Abilities, Weirdness & Mutations

You cannot wear most types of armour.
You are very stealthy in the water. (Stealth+)
You are amphibious.
You can wear up to eight rings at the same time.
You can use your tentacles to constrict eight enemies at once.
Your skin changes colour to match your surroundings (Stealth+).
Your rubbery body absorbs attacks. (AC +1, EV +1)


Message History

You see here an adder skeleton.
An ice beast comes into view.
An ice beast is nearby!
The helpless ice beast fails to defend itself.
You hit the ice beast but do no damage. The ice beast hits you.
The ice beast freezes you!
You hit the ice beast. Your squeeze misses the ice beast.
The ice beast is lightly wounded.
The ice beast hits you but does no damage.
You hit the ice beast.
The ice beast is lightly wounded.
You are feeling hungry.
The ice beast hits you. The ice beast freezes you!
You are too injured to fight recklessly!
You barely miss the ice beast.
The ice beast is lightly wounded.
The ice beast hits you.
* * * LOW HITPOINT WARNING * * *
The ice beast freezes you!
You die...

#...#.....#
#..###
#....#.....#
##..# .....#.
...## #..##
......
.....###..# ##
.....
#.....#..##
####. #.......#
##....
..#.....#####
##.....
...#........###
#......
.......@......#
#......
......Y........
##.....
#..............
#.....
##.............
##....
##............
#....
##...........
##..#
............
##..##
#............
##..## ##..##


You could see an ice beast.

Vanquished Creatures
  A phantom (D:4)
  2 ogres
  Blork the orc (D:4)
  2 hounds (D:4)
  2 orc priests (D:5)
  An iguana (D:4)
  2 orc wizards (D:5)
  Natasha (thrice) (D:2)
  6 adders
  A shadow imp (D:5)
  An ooze (D:3)
  An adder skeleton (D:4)
  2 worms (D:3)
  3 dart slugs
  A leopard gecko (D:3)
  6 orcs
  A ball python (D:4)
  7 goblins
  5 hobgoblins
  4 jackals (D:2)
  4 quokkas
  4 bats
  2 frilled lizards
  6 kobolds
  10 rats
78 creatures vanquished.

Notes
Turn   | Place    | Note
-------+----------+-------------------------------------------
     0 | D:1      | HailSeitan the Octopode Fighter began the quest for the
                  | Orb.
     0 | D:1      | Reached XP level 1. HP: 16/16 MP: 1/1
   267 | D:1      | Reached XP level 2. HP: 21/21 MP: 2/2
   449 | D:1      | Reached skill level 3 in Long Blades
   693 | D:2      | Reached XP level 3. HP: 25/26 MP: 3/3
  1146 | D:2      | Noticed Natasha
  1154 | D:2      | Killed Natasha
  1154 | D:2      | Reached skill level 4 in Long Blades
  1154 | D:2      | Reached XP level 4. HP: 18/31 MP: 4/4
  1471 | D:2      | Noticed Natasha
  1478 | D:2      | Killed Natasha
  1932 | D:2      | Noticed Natasha
  1940 | D:2      | Killed Natasha
  1940 | D:2      | Reached XP level 5. HP: 31/36 MP: 5/5
  2598 | D:3      | Reached skill level 5 in Long Blades
  3150 | D:4      | Noticed a phantom
  3189 | D:4      | Killed a phantom
  3189 | D:4      | Reached XP level 6. HP: 18/42 MP: 6/6
  3419 | D:4      | Reached skill level 6 in Long Blades
  3655 | D:4      | Reached XP level 7. HP: 28/46 MP: 7/7
  3660 | D:4      | Learned a level 3 spell: Confusing Touch
  3664 | D:4      | Learned a level 3 spell: Tukima's Dance
  3693 | D:4      | Noticed Blork the orc
  3893 | D:4      | Killed Blork the orc
  3893 | D:4      | Reached skill level 7 in Long Blades
  3894 | D:4      | Found a sacrificial altar of Ru.
  4068 | D:5      | Entered Level 5 of the Dungeon
  4111 | D:5      | Reached skill level 1 in Hexes
  4580 | D:5      | Slain by an ice beast

Levels and vault maps discovered:
D:1:      dpeg_arrival_ratfight, layout_basic
D:2:      layout_basic, uniq_natasha
D:3:      layout_loops_corners
D:4:      layout_basic, nicolae_ru_path_of_blood, uniq_blork_the_orc
D:5:      layout_cave_pods, first_ration

Skill      XL: |  1  2  3  4  5  6  7 |
---------------+----------------------+-----
Long Blades    | 3 4 5 6 7 |  7.1
Shields        | 4 |  4.0
Hexes          | 3 |  3.5
Fighting       | |  3.0
Dodging        | |  3.0

Action                   |  1- 3 |  4- 6 |  7- 9 || total
-------------------------+-------+-------+-------++-------
Melee: Long sword        |    54 |    84 |    40 ||   178
       Constrict         |    16 |    19 |     8 ||    43
       Tentacles         |    11 |    18 |    10 ||    39
Throw: Dart              |       |       |     3 ||     3
  Use: Scroll            |       |       |     6 ||     6
       Potion            |       |       |     5 ||     5
 Stab: Sleeping          |     6 |     5 |     2 ||    13
  Eat: Chunk             |     1 |     8 |     2 ||    11
Armor: Skin              |     5 |     3 |     2 ||    10
Dodge: Dodged            |    14 |    35 |    15 ||    64
Block: Kite shield       |    20 |       |       ||    20
       Buckler           |       |    11 |     9 ||    20
       Rpst.: Long sword |     5 |     7 |     5 ||    17

Table legend:
 A = Non-vault XP
 B = Vault XP
 C = Vault XP percentage of total XP
 D = Non-vault monster count
 E = Vault monster count
 F = Vault count percentage of total count
                 A         B        C        D         E       F
            +---------+---------+-------+---------+---------+-------
      Total |     936 |     134 |  12.5 |      71 |       7 |   9.0
            +---------+---------+-------+---------+---------+-------
        D:1 |      20 |       5 |  20.0 |      10 |       5 |  33.3
        D:2 |     107 |      35 |  24.6 |      16 |       1 |   5.9
        D:3 |      73 |       0 |   0.0 |      20 |       0 |   0.0
        D:4 |     406 |      94 |  18.8 |      12 |       1 |   7.7
        D:5 |     330 |       0 |   0.0 |      13 |       0 |   0.0
            +---------+---------+-------+---------+---------+-------
